 Dungeon Crawl Stone Soup version 0.26.1-11-gd32895ea62 (webtiles) character file.

Game seed: 5426665628311806396

12429 phalm the Destroyer (level 11, -8/60 HPs)
             Began as a Deep Elf Conjurer on May 4, 2021.
             Was a Priest of Vehumet.
             Killed from afar by a lindwurm (25 damage)
             ... with a blast of flame
             ... on level 11 of the Dungeon.
             The game lasted 00:35:46 (14104 turns).

phalm the Destroyer (Deep Elf Conjurer)            Turns: 14104, Time: 00:35:46

Health: -8/60      AC: 11    Str:  4    XL:     11   Next: 62%
Magic:  24/33      EV: 25    Int: 39    God:    Vehumet [***...]
Gold:   642        SH:  0    Dex: 13    Spells: 10/24 levels left

rFire    . . .     SeeInvis .   p - +8 dagger of Proximity {drain, MP+9 Int+2}
rCold    + . .     Faith    .   (no shield)
rNeg     . . .     Spirit   .   P - +0 ring mail "Wumufeip" {rPois Int+4 Slay-6} (curse)
rPois    +         Reflect  .   j - +0 helmet
rElec    .         Harm     .   g - +0 cloak
rCorr    .         Rampage  .   v - +0 pair of gloves
Will     +....                  x - +1 pair of boots
Stlth    +.........             A - amulet of the acrobat
HPRegen  0.20/turn              I - +6 ring of intelligence
MPRegen  0.23/turn              C - ring of protection from cold

@: acrobat
A: no striking features
a: Renounce Religion


You were on level 11 of the Dungeon.
You worshipped Vehumet.
Vehumet was most pleased with you.
You visited 2 branches of the dungeon, and saw 12 of its levels.

You collected 838 gold pieces.
You spent 196 gold pieces at shops.


   Skills:
 + Level 3.5 Fighting
 + Level 3.5 Armour
 + Level 6.1 Dodging
 - Level 2.4 Stealth
 + Level 3.6 Shields
 + Level 7.3 Spellcasting
 * Level 12.0 Conjurations
 + Level 9.2 Hexes
 + Level 8.0 Translocations
 + Level 3.6 Fire Magic
 + Level 3.7 Evocations


You had 10 spell levels left.
You knew the following spells:

 Your Spells              Type           Power        Failure   Level
c - Mephitic Cloud        Conj/Pois/Air  45%          2%          3
f - Fulminant Prism       Conj/Hex       39%          1%          4
m - Magic Dart            Conj           100%         1%          1
s - Searing Ray           Conj           100%         1%          2
X - Iskenderun's Mystic   Conj/Tloc      75%          1%          4

Your spell library contained the following spells:

 Spells                   Type           Power        Failure   Level
 Inner Flame              Hex/Fire       59%          1%          3
 Dazzling Flash           Conj/Hex       100%         1%          3
 Summon Guardian Golem    Hex/Summ       50%          6%          3
 Summon Small Mammal      Summ           56%          13%         1
 Call Imp                 Summ           14%          21%         2
 Call Canine Familiar     Summ           14%          36%         3
 Summon Ice Beast         Ice/Summ       14%          78%         4
 Summon Lightning Spire   Summ/Air       14%          78%         4

Inventory:

Hand Weapons
 p - the +8 dagger of Proximity (weapon) {drain, MP+9 Int+2}
   (You bought it in a shop on level 4 of the Dungeon)

   A truly terrible weapon, it drains the life of those it strikes.
   It affects your intelligence (+2).
   It affects your magic capacity (+9).
Missiles
 l - 22 poisoned darts
 B - 2 throwing nets {=f}
Armour
 c - a +0 robe
   (You found it on level 4 of the Dungeon)
 g - a +0 cloak (worn)
   (You found it on level 4 of the Dungeon)
 j - a +0 helmet (worn)
   (You took it off Robin on level 2 of the Dungeon)
 n - a +0 buckler
   (You found it on level 3 of the Dungeon)
 v - a +0 pair of gloves (worn)
   (You found it on level 6 of the Dungeon)
 x - a +1 pair of boots (worn)
   (You found it on level 6 of the Dungeon)
 P - the cursed +0 ring mail "Wumufeip" (worn) {rPois Int+4 Slay-6}
   (You found it on level 11 of the Dungeon)

   It affects your intelligence (+4).
   It affects your accuracy and damage with ranged weapons and melee attacks
   (-6).
   It protects you from poison.
   It has a curse placed upon it.
Magical Staves
 J - an uncursed staff of earth
   (You found it on level 10 of the Dungeon)
Jewellery
 A - an amulet of the acrobat (around neck)
   (You took it off an orc warrior on level 7 of the Dungeon)
 C - a ring of protection from cold (right hand)
   (You found it on level 7 of the Dungeon)
 D - a +6 ring of dexterity
   (You found it on level 11 of the Dungeon)
 E - a +4 ring of evasion
   (You found it on level 10 of the Dungeon)
 I - a +6 ring of intelligence (left hand)
   (You found it on level 8 of the Dungeon)
 L - an uncursed ring of flight
   (You found it on level 4 of the Dungeon)
 O - a +4 ring of protection
   (You found it on level 1 of the Dungeon)
Wands
 h - a wand of flame (14)
   (You found it on level 8 of the Dungeon)
 q - a wand of digging (7)
   (You found it on level 5 of the Dungeon)
 s - a wand of polymorph (14)
   (You took it off Grinder on level 5 of the Dungeon)
 M - a wand of random effects (21)
   (You found it on level 11 of the Dungeon)
Scrolls
 b - a scroll of fear {unknown}
 d - 5 scrolls of blinking {!r}
 e - 3 scrolls of enchant armour
 m - 9 scrolls of remove curse {@r2}
 o - a scroll of amnesia
 t - 3 scrolls of teleportation {@r4}
 w - 2 scrolls of enchant weapon
 y - 2 scrolls of fog
 F - a scroll of identify {@r1}
 G - 2 scrolls of acquirement {unknown}
 H - a scroll of brand weapon {unknown}
 N - 3 scrolls of magic mapping {!r}
Potions
 a - a potion of ambrosia
 f - 2 potions of brilliance
 i - 4 potions of curing {@q1}
 k - 9 potions of haste {@q3}
 r - a potion of attraction {!q}
 u - 3 potions of lignification {!q}
 z - 3 potions of mutation {unknown}
 K - a potion of flight {unknown}

Dungeon Overview and Level Annotations

Branches:
Dungeon (11/15)            Temple (1/1) D:5            Lair (0/6) D:8
    Orc (0/2) D:10

Altars:
Ashenzari
Cheibriados
Dithmenos
Elyvilon
Fedhas
Gozag
Hepliaklqana
Kikubaaqudgha
Makhleb
Nemelex Xobeh
Okawaru
Qazlal
Ru
Sif Muna
Trog
Uskayaw
Vehumet
Wu Jian
Xom
Yredelemnul
Zin
The Shining One

Shops:
D:4

*( .§§§§≈§..# #.# ..§§§≈§..###.#
#..≈≈≈≈...##.# ##.§§§§≈..##^# #
##k§§≈≈≈..#..# # ≈§
.#.k§≈§≈...#.## # §≈≈..##
#..≈≈≈≈≈...#.######### #
§§≈...##..k≈≈≈≈≈.............####
§§≈≈≈.§..≈≈≈≈≈≈.@..#.#######....'
§§≈≈§§≈§≈§§§≈§≈....#.# ######
§≈≈§≈≈§§§≈§≈≈≈...###.# #
.≈§§≈≈≈§≈§§≈≈....# #.# #
.§.≈§≈≈§§≈≈.....## #.# #
......≈≈§.......# #.# ###
.......§.....#..# #.# #..
#...#...§.#.>...####.##########..
###.'.###.#.###.##............'..


You could see 3 lindwurms.


Message History

Casting: Fulminant Prism (safe; 1% risk of failure)
Confirm with . or Enter, or press ? or * to list all spells.
Aiming: Fulminant Prism (safe; 1% risk of failure)
Press: ? - help, Dir - move target, f - you
Okay, then.
The lindwurm roars!
Casting: Fulminant Prism (safe; 1% risk of failure)
Confirm with . or Enter, or press ? or * to list all spells.
Aiming: Fulminant Prism (safe; 1% risk of failure)
Press: ? - help, Dir - move target You can't see that place. [the floor.]
Okay, then.
Casting: Fulminant Prism (safe; 1% risk of failure)
Confirm with . or Enter, or press ? or * to list all spells.
Aiming: Fulminant Prism (safe; 1% risk of failure)
Press: ? - help, Dir - move target
Okay, then.
Casting: Fulminant Prism (safe; 1% risk of failure)
Confirm with . or Enter, or press ? or * to list all spells.
You can't see any susceptible monsters within range! (Use Z to cast anyway.)
Casting: Fulminant Prism (safe; 1% risk of failure)
Confirm with . or Enter, or press ? or * to list all spells.
You can't see any susceptible monsters within range! (Use Z to cast anyway.)
Casting: Fulminant Prism (safe; 1% risk of failure)
Confirm with . or Enter, or press ? or * to list all spells.
Aiming: Fulminant Prism (safe; 1% risk of failure)
Press: ? - help, Dir - move target Out of range.
Okay, then.
Unknown command.
The lindwurm roars! x2
Casting: Fulminant Prism (safe; 1% risk of failure)
Confirm with . or Enter, or press ? or * to list all spells.
Aiming: Searing Ray (safe; 1% risk of failure)
Press: ? - help, Shift-Dir - straight line, f - lindwurm
Aim: a lindwurm (8% to evade)
The searing ray hits the lindwurm! (Press . to maintain the ray.) 😎 MP[-2]
You lost 2 mp, and now have 30/32 mp.
The searing ray hits the lindwurm.
The lindwurm roars!
The lindwurm breathes flames at you.
The blast of flame hits you. 😕 HP[-2] MP[-1]
You take 2 damage, and now have 58/60 hp.
You lost 1 mp, and now have 29/32 mp.
The searing ray hits the lindwurm! 😕 MP[-1]
You lost 1 mp, and now have 28/32 mp.
The searing ray hits the lindwurm!
You finish channeling your searing ray.
The lindwurm breathes flames at you. The blast of flame misses you.
The lindwurm breathes flames at you. The blast of flame misses you. 😕 MP[-1]
You lost 1 mp, and now have 27/32 mp.
Casting: Searing Ray (safe; 1% risk of failure)
Confirm with . or Enter, or press ? or * to list all spells.
Aiming: Searing Ray (safe; 1% risk of failure)
Press: ? - help, Shift-Dir - straight line, f/p - lindwurm
Aim: a lindwurm (severely wounded, catching its breath, 8% to evade)
The searing ray hits the lindwurm! (Press . to maintain the ray.) 😕 HP[+1] MP[-1]
You lost 1 mp, and now have 26/32 mp.
The searing ray hits the lindwurm!
You kill the lindwurm!
Vehumet accepts your kill.
Vehumet offers you knowledge of Inner Flame.
The lindwurm breathes flames at you. The blast of flame misses you. 😕 MP[-1]
Casting: Searing Ray (safe; 1% risk of failure)
Confirm with . or Enter, or press ? or * to list all spells.
You can't see any susceptible monsters within range! (Use Z to cast anyway.)
The lindwurm breathes flames at you.
The blast of flame hits you!! 😮 HP[-25] MP[-1]
You take 25 damage, and now have 34/60 hp.
MASSIVE DAMAGE!! (PAUSE)
You lost 1 mp, and now have 24/33 mp.
Casting: Searing Ray (safe; 1% risk of failure)
Confirm with . or Enter, or press ? or * to list all spells.
Aiming: Fulminant Prism (safe; 1% risk of failure)
Press: ? - help, Dir - move target, f - lindwurm
Aim: a lindwurm
Okay, then.
The searing ray hits the lindwurm.
You finish channeling your searing ray.
The lindwurm breathes flames at you. The blast of flame hits you!
* * * LOW HITPOINT WARNING * * *
😨 HP[-17] MP[-1]
You take 17 damage, and now have 17/60 hp.
MASSIVE DAMAGE!! (PAUSE)
You lost 1 mp, and now have 23/33 mp.
The lindwurm breathes flames at you. The blast of flame hits you!!
You die...

Skill      XL: |  1  2  3  4  5  6  7  8  9 10 11 |
---------------+----------------------------------+-----
Conjurations   | 5 6 7 8 9 10 11 12 | 12.0
Translocations | 2 3 4 5 7 8 |  8.0
Hexes          | 2 4 7 8 9 |  9.2
Spellcasting   | 5 6 7 |  7.3
Dodging        | 4 5 6 |  6.1
Fighting       | 2 3 |  3.5
Armour         | 1 3 |  3.5
Shields        | 1 3 |  3.6
Evocations     | 2 3 |  3.7
Fire Magic     | 2 3 |  3.6
Stealth        | |  2.4

Action                   |  1- 3 |  4- 6 |  7- 9 | 10-12 || total
-------------------------+-------+-------+-------+-------++-------
Melee: Whip              |    12 |       |       |       ||    12
       Dagger            |     2 |     4 |     1 |    11 ||    18
 Cast: Magic Dart        |    48 |   129 |   191 |   197 ||   565
       Searing Ray       |     1 |    10 |    50 |    49 ||   110
       Fulminant Prism   |       |     1 |     3 |    23 ||    27
       Iskenderun's Myst |       |     1 |     3 |    16 ||    20
Evoke: Wand              |       |       |       |     1 ||     1
  Use: Scroll            |       |       |       |    15 ||    15
Armor: Robe              |     4 |     2 |    16 |    15 ||    37
Dodge: Dodged            |     9 |     9 |    28 |    88 ||   134

Levels and vault maps discovered:
D:1:      sevenhm_arrival_forest_fort_large_4, layout_basic
D:2:      layout_loops_ring, minivault_14, uniq_robin, uniq_jessica
D:3:      layout_rooms, nicolae_overflow_hidden_temple
D:4:      layout_rooms, lemuel_crystal_altar, fedhas_altar_4,
          ebering_ghost_sewer_f, serial_shops, shop, nicolae_elemental_shop
D:5:      layout_basic, minmay_temple_entry_fiery,
          hangedman_abyss_or_decor_stabs, minivault_27, uniq_grinder
D:6:      layout_gridville, marbit_many_paths, basic_altar, nrook_mini_vaults
D:7:      layout_rooms, uniq_pikel
D:8:      layout_rooms, okawaru_humans, david_lair_generic,
          ebering_ghost_funeral_grove
D:9:      layout_cave_pods, minivault_20
D:10:     layout_layer_cave, david_orc_3, minmay_nine_imps
D:11:     layout_roguey, minmay_misc_feat_doors, minmay_lindwurm_lava
Temple:   zaba_magenta_temple

Notes
Turn   | Place    | Note
-------+----------+-------------------------------------------
     0 | D:1      | phalm the Deep Elf Conjurer began the quest for the Orb.
     0 | D:1      | Reached XP level 1. HP: 10/10 MP: 6/6
     0 | D:1      | magus.rc [v1.9.10]
   244 | D:1      | Reached XP level 2. HP: 15/15 MP: 2/8
   253 | D:1      | Reached skill level 5 in Conjurations
  1029 | D:2      | Noticed Jessica
  1033 | D:2      | Killed Jessica
  1034 | D:2      | Reached XP level 3. HP: 19/19 MP: 4/9
  1037 | D:2      | Learned a level 2 spell: Searing Ray
  1106 | D:2      | Noticed Robin
  1111 | D:2      | Killed Robin
  1112 | D:2      | Reached skill level 6 in Conjurations
  1188 | D:2      | Reached XP level 4. HP: 24/24 MP: 3/10
  1193 | D:2      | Learned a level 4 spell: Iskenderun's Mystic Blast
  1380 | D:2      | Reached skill level 1 in Translocations
  2239 | D:3      | Reached skill level 2 in Translocations
  2239 | D:3      | Reached XP level 5. HP: 28/28 MP: 7/11
  2806 | D:3      | Found a shadowy altar of Dithmenos.
  2812 | D:3      | Found a hide-covered altar of Uskayaw.
  2842 | D:3      | Found an ornate altar of the Wu Jian Council.
  3077 | D:3      | You pick up a book of Callings and begin reading...
  3077 | D:3      | You add the spells Summon Small Mammal, Call Imp, Call
                  | Canine Familiar, Summon Guardian Golem, Summon Lightning
                  | Spire and Summon Ice Beast to your library.
  3178 | D:4      | Found a blossoming altar of Fedhas.
  3250 | D:4      | Reached skill level 7 in Conjurations
  3250 | D:4      | Reached skill level 3 in Translocations
  3347 | D:4      | Found Bamn's Antique Weapon Shop.
  3349 | D:4      | Found a runed translucent door.
  3353 | D:4      | Bought a crystal dagger for 196 gold pieces
  3353 | D:4      | Identified the +8 dagger of Proximity {drain, MP+9 Int+2}
                  | (You bought it in a shop on level 4 of the Dungeon)
  3414 | D:4      | Noticed a phantom
  3430 | D:4      | Killed a phantom
  3431 | D:4      | Reached XP level 6. HP: 31/32 MP: 7/12
  3436 | D:4      | Learned a level 4 spell: Fulminant Prism
  3556 | D:4      | Reached skill level 1 in Hexes
  3657 | D:4      | Reached skill level 4 in Translocations
  3746 | D:4      | Reached skill level 2 in Hexes
  3747 | D:4      | Reached XP level 7. HP: 20/36 MP: 5/13
  4002 | D:4      | Found Kemol's Elemental Accessories.
  4071 | D:4      | Noticed buriedalive's ghost (novice DECj)
  4087 | D:4      | Killed buriedalive's ghost
  4088 | D:4      | Reached skill level 8 in Conjurations
  4088 | D:4      | Reached skill level 3 in Hexes
  4088 | D:4      | Reached skill level 5 in Translocations
  4142 | D:4      | Found a bloodstained altar of Trog.
  4152 | D:4      | Found a runed translucent door.
  4331 | D:4      | Reached skill level 4 in Hexes
  4398 | D:3      | Found a basalt altar of Yredelemnul.
  4428 | D:5      | Entered Level 5 of the Dungeon
  4835 | D:5      | Reached XP level 8. HP: 41/41 MP: 14/14
  4960 | D:5      | Noticed Grinder
  5044 | D:5      | Killed Grinder
  5045 | D:5      | Reached skill level 5 in Hexes
  5045 | D:5      | Reached skill level 6 in Translocations
  5204 | D:5      | Reached skill level 9 in Conjurations
  5235 | D:5      | Reached skill level 6 in Hexes
  5970 | D:5      | Found a staircase to the Ecumenical Temple.
  5976 | Temple   | Entered the Ecumenical Temple
  6031 | Temple   | Became a worshipper of Vehumet
  6088 | D:6      | Reached skill level 7 in Translocations
  6307 | D:6      | Reached skill level 7 in Hexes
  6336 | D:6      | Reached XP level 9. HP: 45/45 MP: 16/16
  6636 | D:6      | Found a shadowy altar of Dithmenos.
  6726 | D:6      | Reached skill level 4 in Spellcasting
  6726 | D:6      | Reached skill level 10 in Conjurations
  6977 | D:6      | Reached skill level 8 in Hexes
  7220 | D:6      | Reached * piety under Vehumet
  7220 | D:6      | Offered knowledge of Sandblast by Vehumet.
  7266 | D:6      | Reached skill level 3 in Dodging
  7399 | D:6      | Found a sacrificial altar of Ru.
  7567 | D:7      | Reached skill level 1 in Fighting
  7567 | D:7      | Reached skill level 1 in Armour
  7567 | D:7      | Reached skill level 1 in Shields
  7782 | D:7      | Noticed Pikel
  7789 | D:7      | Killed Pikel
  7790 | D:7      | Reached skill level 5 in Spellcasting
  7866 | D:7      | Reached skill level 4 in Dodging
  8112 | D:7      | Reached skill level 2 in Fighting
  8331 | D:7      | Reached XP level 10. HP: 53/53 MP: 20/20
  8334 | D:7      | Reached skill level 2 in Armour
  8334 | D:7      | Reached skill level 2 in Shields
  8599 | D:8      | Reached skill level 11 in Conjurations
  8766 | D:8      | Offered knowledge of Foxfire by Vehumet.
  8809 | D:8      | Found an iron altar of Okawaru.
  8843 | D:8      | Reached ** piety under Vehumet
  9201 | D:8      | Found a staircase to the Lair.
  9236 | D:8      | Reached skill level 6 in Spellcasting
  9236 | D:8      | Reached skill level 1 in Evocations
  9238 | D:8      | Reached skill level 1 in Fire Magic
  9537 | D:8      | Found a runed translucent door.
  9540 | D:8      | Noticed TheGreatAnchovy's ghost (amateur MiFi)
  9540 | D:8      | Identified the +5 trident "Curiv" {antimagic, rF+ rN+}
  9653 | D:8      | Killed TheGreatAnchovy's ghost
  9788 | D:9      | Reached skill level 5 in Dodging
  9971 | D:9      | Offered knowledge of Mephitic Cloud by Vehumet.
  9972 | D:9      | Reached skill level 2 in Evocations
  9976 | D:9      | Learned a level 3 spell: Mephitic Cloud
 10302 | D:9      | Reached skill level 2 in Fire Magic
 10316 | D:9      | Noticed a manticore
 10322 | D:9      | Killed a manticore
 10490 | D:9      | Noticed a catoblepas
 10510 | D:9      | Killed a catoblepas
 10511 | D:9      | Reached skill level 3 in Fighting
 10511 | D:9      | Reached skill level 3 in Armour
 10511 | D:9      | Reached skill level 3 in Shields
 10511 | D:9      | Reached XP level 11. HP: 31/60 MP: 0/22
 11121 | D:10     | Entered Level 10 of the Dungeon
 11209 | D:10     | Killed an unseen horror
 11209 | D:10     | Reached *** piety under Vehumet
 11450 | D:10     | Reached skill level 3 in Evocations
 12151 | D:10     | Reached skill level 3 in Fire Magic
 12346 | D:10     | Found a staircase to the Orcish Mines.
 12440 | D:10     | Reached skill level 7 in Spellcasting
 12440 | D:10     | Reached skill level 9 in Hexes
 13413 | D:11     | Noticed a white ugly thing
 13420 | D:11     | Noticed a lindwurm
 13422 | D:11     | Noticed a lindwurm
 13422 | D:11     | Killed a white ugly thing
 13537 | D:11     | Noticed a lindwurm
 13541 | D:11     | Noticed a lindwurm
 13542 | D:11     | HP: 14/60 [lindwurm/blast of flame (46)]
 13824 | D:11     | Reached skill level 12 in Conjurations
 13824 | D:11     | Reached skill level 8 in Translocations
 13924 | D:11     | Reached skill level 6 in Dodging
 14014 | D:11     | Got a heavily runed ring mail
 14025 | D:11     | Identified the cursed +0 ring mail "Wumufeip" {rPois Int+4
                  | Slay-6} (You found it on level 11 of the Dungeon)
 14101 | D:11     | Killed a lindwurm
 14101 | D:11     | Offered knowledge of Inner Flame by Vehumet.
 14104 | D:11     | Killed from afar by a lindwurm

Vanquished Creatures
  A catoblepas (D:9)
  An unseen horror (D:10)
  A lindwurm (D:11)
  Pikel (D:7)
  An ugly thing (D:11)
  A manticore (D:9)
  2 gargoyles
  The ghost of buriedalive the Conjurer, a novice DECj (D:4)
  Grinder (D:5)
  2 spriggans (D:8)
  2 wyverns
  The ghost of TheGreatAnchovy the Shield-Bearer, an amateur MiFi of Gozag (D:8)
  5 yaks
  2 vampires
  A basilisk (D:8)
  2 humans (D:8)
  A warg (D:10)
  2 water moccasins (D:11)
  5 black bears
  4 ice beasts
  7 orc warriors
  2 phantoms
  3 ogres
  8 centaurs
  2 big kobolds (D:8)
  8 bullfrogs
  5 scorpions
  10 killer bees
  8 howler monkeys
  6 wights (D:6)
  7 crimson imps (D:10)
  A quasit (D:7)
  6 orc priests
  5 hounds
  2 centaur skeletons
  Jessica (D:2)
  3 iguanas
  10 orc wizards
  9 worker ants
  2 worker ant zombies
  Robin (D:2)
  4 gnolls (D:7)
  A howler monkey skeleton (D:11)
  14 adders
  A river rat (D:4)
  3 shadow imps
  3 white imps
  An ufetubus (D:9)
  2 oozes (D:4)
  2 adder zombies
  A dart slug (D:3)
  4 leopard geckos
  28 orcs
  3 ball pythons
  8 bats
  A giant cockroach (D:5)
  11 goblins
  9 hobgoblins
  19 jackals
  5 quokkas
  10 frilled lizards
  A jackal skeleton (D:4)
  14 kobolds
  A leopard gecko skeleton (D:4)
  A quokka skeleton (D:7)
  8 rats
  2 fulminant prisms
300 creatures vanquished.

Vanquished Creatures (others)
  25 fulminant prisms
  5 fungi (D:8)
  A plant (D:8)
31 creatures vanquished.

Grand Total: 331 creatures vanquished

Table legend:
 A = Non-vault XP
 B = Vault XP
 C = Vault XP percentage of total XP
 D = Non-vault monster count
 E = Vault monster count
 F = Vault count percentage of total count
                 A         B        C        D         E       F
            +---------+---------+-------+---------+---------+-------
      Total |   11419 |    6337 |  35.7 |     250 |      48 |  16.1
            +---------+---------+-------+---------+---------+-------
        D:1 |      36 |       0 |   0.0 |      22 |       0 |   0.0
        D:2 |      85 |      72 |  45.9 |      15 |      13 |  46.4
        D:3 |     101 |       0 |   0.0 |      19 |       0 |   0.0
        D:4 |     577 |     325 |  36.0 |      27 |       4 |  12.9
        D:5 |     975 |     272 |  21.8 |      25 |       1 |   3.8
        D:6 |    1407 |       0 |   0.0 |      29 |       0 |   0.0
        D:7 |    1236 |     617 |  33.3 |      32 |       1 |   3.0
        D:8 |     990 |    2020 |  67.1 |      30 |      11 |  26.8
        D:9 |    1036 |    1478 |  58.8 |      19 |       2 |   9.5
       D:10 |    2500 |     885 |  26.1 |      20 |      15 |  42.9
       D:11 |    2476 |     668 |  21.2 |      12 |       1 |   7.7
            +---------+---------+-------+---------+---------+-------

Illustrated notes

Table legend:
 A = Kills in this place as a percentage of kills in entire the game.
 B = Kills by you in this place as a percentage of kills by you in the entire game.
 C = Kills by friends in this place as a percentage of kills by friends in the entire game.
 D = Other kills in this place as a percentage of other kills in the entire game.
 E = Experience gained in this place as a percentage of experience gained in the entire game.
 F = Experience gained in this place divided by the number of levels of this place that you have seen.
                   A       B       C       D       E      F
               +-------+-------+-------+-------+-------+----------------------
         Total | 100.0 | 100.0 |   N/A |   N/A | 100.0 | 1479.7
       Dungeon | 100.0 | 100.0 |   N/A |   N/A | 100.0 | 1614.2
               +-------+-------+-------+-------+-------+----------------------

Table legend: (Time is in decaauts)
 A = Elapsed time spent in this place.
 B = Non-inter-level travel time spent in this place.
 C = Inter-level travel time spent in this place.
 D = Time resting spent in this place.
 E = Time spent auto-exploring this place.
 F = Levels seen in this place.
 G = Mean time per level.
                   A        B        C        D        E       F      G
               +--------+--------+--------+--------+--------+-----+--------+
         Total |  14098 |  13520 |    578 |      7 |  11796 |  12 | 1174.8 |
       Dungeon |  14017 |  13460 |    557 |      7 |  11744 |  11 | 1274.3 |
        Temple |     80 |     60 |     20 |      0 |     52 |   1 |   80.0 |
               +--------+--------+--------+--------+--------+-----+--------+

Top non-repeatable levels by time:
    D:10: 1871 daAuts
     D:5: 1751 daAuts
     D:9: 1422 daAuts
     D:6: 1394 daAuts
     D:8: 1290 daAuts
     D:4: 1287 daAuts
     D:2: 1210 daAuts
     D:1: 1048 daAuts
    D:11: 954 daAuts
     D:7: 899 daAuts
     D:3: 886 daAuts
  Temple: 80 daAuts
